 Dungeon Crawl Stone Soup version 0.21.1-68-g103a7afc0a (webtiles) character file.

31920 Pisosu the Severer (level 13, -3/116 HPs)
             Began as a Minotaur Fighter on Aug 3, 2018.
             Was a High Priest of Trog.
             Killed by divine providence
             ... invoked by an orc priest
              (17 damage)
             ... on level 2 of the Orcish Mines.
             The game lasted 01:00:12 (15194 turns).

Pisosu the Severer (Minotaur Fighter)              Turns: 15194, Time: 01:00:12

Health: -3/116     AC: 15    Str: 26      XL:     13   Next: 28%
Magic:  12/12      EV: 12    Int:  4 (5)  God:    Trog [*****.]
Gold:   1149       SH: 18    Dex: 10      Spells: 12/12 levels left

rFire    + . .     SeeInvis .   C - +3 war axe (flame)
rCold    x . .     Gourm    .   q - +0 shield
rNeg     + + +     Faith    .   Q - +0 ring mail (curse)
rPois    .         Spirit   .   (helmet restricted)
rElec    .         Reflect  .   s - +0 cloak
rCorr    .         Harm     .   O - +1 pair of gloves "Elontief" {rC- rN+++}
MR       +++..     Rnd*Tele +   z - +1 pair of boots
Stlth    +.........             (no amulet)
HPRegen  1.29/turn              n - ring of protection from fire
MPRegen  0.13/turn              A - ring of protection from magic

@: regenerating
A: retaliatory headbutt, horns 2, large bone plates 1, thin metallic scales 1,
teleportitis 1
a: Berserk, Trog's Hand, Brothers in Arms, Burn Spellbooks, Renounce Religion


You were on level 2 of the Orcish Mines.
You worshipped Trog.
Trog was extremely pleased with you.
You were not hungry.

You visited 3 branches of the dungeon, and saw 17 of its levels.

You collected 1425 gold pieces.
You spent 276 gold pieces at shops.

Inventory:

Hand Weapons
 b - a cursed -2 battleaxe
 l - a +3 hand axe of freezing
 r - a +4 quarterstaff of chaos
 C - a +3 war axe of flaming (weapon)
Armour
 q - a +0 shield (worn)
 s - a +0 cloak (worn)
 z - a +1 pair of boots (worn)
 B - a +0 plate armour
 O - the +1 pair of gloves "Elontief" (worn) {rC- rN+++}
   (You found it on level 10 of the Dungeon)

   It makes you vulnerable to cold.
   It renders you almost immune to negative energy.
 Q - a cursed +0 ring mail (worn)
Jewellery
 n - a ring of protection from fire (left hand)
 t - an uncursed ring of positive energy
 A - a ring of protection from magic (right hand)
 L - an uncursed ring of positive energy
Wands
 g - a wand of paralysis (26)
 x - a wand of clouds (7)
 D - a wand of polymorph (17)
 E - a wand of random effects (42)
 K - a wand of acid (2)
Scrolls
 h - 7 scrolls of identify
 k - 2 scrolls of enchant armour
 p - 6 scrolls of remove curse
 y - a scroll of immolation
 J - 3 scrolls of magic mapping
Potions
 c - 4 potions of haste {unknown}
 d - 4 potions of might
 e - 2 potions of cancellation {unknown}
 i - 5 potions of curing
 j - a potion of brilliance {unknown}
 o - 2 potions of agility {unknown}
 w - 2 potions of lignification {unknown}
 F - 2 potions of ambrosia {unknown}
 G - a potion of magic {unknown}
 I - 3 potions of mutation
Miscellaneous
 N - a lightning rod (3/4)
Comestibles
 a - 13 chunks of flesh
 f - 14 rations


   Skills:
 + Level 11.5 Fighting
 + Level 16.4 Axes
 + Level 10.5 Armour
 + Level 3.3 Dodging
 + Level 1.0 Stealth
 + Level 14.4 Shields


You had 12 spell levels left.
You didn't know any spells.

Dungeon Overview and Level Annotations

Branches:
Dungeon (14/15)            Temple (1/1) D:7            Lair (0/6) D:8
    Orc (2/2) D:11         Vaults (0/5) D:13
    Elf: Orc:2

Altars:
Ashenzari
Cheibriados
Dithmenos
Elyvilon
Fedhas
Gozag
Hepliaklqana
Kikubaaqudgha
Makhleb
Nemelex Xobeh
Okawaru
Qazlal
Ru
Sif Muna
Trog
Uskayaw
Vehumet
Wu Jian
Xom
Yredelemnul
Zin
The Shining One
Beogh
Lugonu

Shops:
D:7 [   D:8 !(

Portals:
Trove: D:11 (give 7 potions of haste)

Annotations:
D:7 Joseph
D:11 brittlin's ghost, journeyman HOFi


Innate Abilities, Weirdness & Mutations

You reflexively headbutt those who attack you in melee.
You have a pair of horns on your head.
You are partially covered in large bone plates. (SH +4)
You are partially covered in thin metallic scales. (AC +2)
You are occasionally teleported next to monsters.


Message History

Your two-headed ogre closely misses the orc.
The orc priest mumbles some strange prayers to Beogh against you.
Beogh smites you!
* * * LOW HITPOINT WARNING * * *
Your two-headed ogre closely misses the orc.
Your two-headed ogre hits the orc with a giant club!!
The orc dies!
Trog accepts your kill.
Your two-headed ogre hits the orc with a giant club!
The orc dies!
Trog accepts your kill.
You hear a shout!
Your two-headed ogre rages.
The orc priest mumbles some strange prayers to Beogh against you.
Beogh smites you!
* * * LOW HITPOINT WARNING * * *
The orc priest begins to cast a cantrip, but forgets the words!
The orc priest calls down the wrath of Beogh upon you.
Beogh smites you!
You die...

..............#.##...
#....#.......#.......
##...........##.##..#
#...........#########
##.#...)..### .#..
##......# .....
###...## ###....
#####))).## #......
#..@..)...##
#......###o.........#
#.....#.#.O.....#....#
#..........._..####.##
. ##.............# ##
o#.#.#.o.oo.......#
.o....))..........##
.......).o.#.......#
.......)...........##


You could see 3 orc priests, an orc and a friendly two-headed ogre (berserk).

Vanquished Creatures
  Frances (D:12)
  A vault guard (D:13)
  3 death yaks
  3 two-headed ogres (D:11)
  Nergalle (Orc:1)
  5 skeletal warriors (D:12)
  An unseen horror (D:12)
  3 orc knights
  A necromancer (D:13)
  2 orc sorcerers
  A manticore (D:11)
  An ugly thing (D:11)
  A centaur zombie (D:13)
  Psyche (D:9)
  The ghost of SacredBeard the Skirmisher, a novice DsBe of Trog (D:6)
  A kobold demonologist (D:10)
  4 trolls
  A hornet (D:13)
  Prince Ribbit (D:7)
  3 hippogriffs
  A shadow (D:11)
  4 hogs (D:7)
  A wyvern (D:14)
  4 fire elementals (D:13)
  A wraith (D:12)
  8 yaks
  2 basilisks
  23 humans
  A hungry ghost (D:13)
  A steam dragon (D:10)
  An acid dragon (D:13)
  A porcupine (D:8)
  19 orc warriors
  A black bear (D:8)
  6 ice beasts
  A phantom (D:3)
  A necrophage (D:11)
  11 ogres
  9 centaurs
  A crocodile (D:12)
  A big kobold (D:7)
  4 bullfrogs
  2 scorpions
  9 killer bees
  12 wights
  5 howler monkeys
  7 crimson imps
  6 hounds
  A quasit (D:7)
  12 orc priests
  A gnoll shaman (D:8)
  3 jellies
  2 bullfrog skeletons
  Crazy Yiuf (D:2)
  7 centaur skeletons
  2 iguanas
  13 orc wizards
  A hell rat (D:8)
  11 worker ants
  A hound skeleton (D:6)
  A howler monkey zombie (D:7)
  A worker ant zombie (D:5)
  7 gnolls
  A howler monkey skeleton (D:9)
  12 adders
  3 oozes
  An adder skeleton (D:9)
  4 worms
  A dart slug (D:2)
  5 leopard geckos
  62 orcs
  6 bats
  4 giant cockroaches
  5 goblins (D:1)
  6 hobgoblins
  9 jackals
  8 quokkas
  A ball python (D:7)
  3 frilled lizards
  A giant cockroach zombie (D:5)
  A jackal skeleton (D:4)
  8 kobolds
  A quokka skeleton (D:5)
  6 rats
391 creatures vanquished.

Vanquished Creatures (collateral kills)
  Azrael (D:13)
  A hell hound (D:13)
  2 orcs (Orc:2)
4 creatures vanquished.

Grand Total: 395 creatures vanquished

Notes
Turn   | Place    | Note
-------+----------+-------------------------------------------
     0 | D:1      | Pisosu the Minotaur Fighter began the quest for the Orb.
     0 | D:1      | Reached XP level 1. HP: 19/19 MP: 0/0
   339 | D:1      | Reached XP level 2. HP: 26/27 MP: 1/1
  1028 | D:2      | Reached XP level 3. HP: 33/33 MP: 2/2
  1175 | D:2      | Found a runed door.
  1411 | D:2      | Reached skill level 3 in Axes
  1722 | D:2      | Noticed Crazy Yiuf
  1734 | D:2      | Killed Crazy Yiuf
  1734 | D:2      | Reached XP level 4. HP: 22/40 MP: 3/3
  1758 | D:3      | Noticed a phantom
  1806 | D:3      | Killed a phantom
  1806 | D:3      | Reached skill level 5 in Shields
  1806 | D:3      | Reached XP level 5. HP: 16/47 MP: 4/4
  2215 | D:3      | Found a hazy altar of Hepliaklqana.
  2218 | D:3      | Reached skill level 4 in Axes
  2430 | D:3      | Reached skill level 5 in Fighting
  2748 | D:4      | Found a white marble altar of Elyvilon.
  2761 | D:4      | Reached skill level 1 in Dodging
  2761 | D:4      | Reached XP level 6. HP: 51/56 MP: 5/5
  2901 | D:4      | Reached skill level 5 in Axes
  2921 | D:4      | Found an iron altar of Okawaru.
  3031 | D:4      | Found a radiant altar of Vehumet.
  3288 | D:4      | Reached XP level 7. HP: 41/63 MP: 6/6
  3492 | D:4      | Reached skill level 5 in Armour
  3635 | D:5      | Entered Level 5 of the Dungeon
  3691 | D:5      | Reached skill level 6 in Axes
  3828 | D:5      | Found a sacrificial altar of Ru.
  4124 | D:5      | Found a glowing golden altar of the Shining One.
  4127 | D:5      | Found a shimmering altar of Xom.
  4127 | D:5      | Found a shimmering altar of Xom.
  4129 | D:5      | Found a snail-covered altar of Cheibriados.
  4129 | D:5      | Found a burning altar of Makhleb.
  4129 | D:5      | Found a radiant altar of Vehumet.
  4436 | D:5      | Reached skill level 7 in Axes
  4545 | D:5      | Found a glowing golden altar of the Shining One.
  4568 | D:5      | Gained mutation: Potions are less effective at restoring your health. [potion of mutation]
  4568 | D:5      | Gained mutation: Potions are poor at restoring your health. [potion of mutation]
  4568 | D:5      | Gained mutation: Your mind is acute. (Int +2) [potion of mutation]
  4569 | D:5      | Lost mutation: Potions are poor at restoring your health. [potion of mutation]
  4569 | D:5      | Lost mutation: Your mind is acute. (Int +2) [potion of mutation]
  4569 | D:5      | Gained mutation: You have large cloven feet. [potion of mutation]
  4569 | D:5      | Gained mutation: Your mind is acute. (Int +2) [potion of mutation]
  4570 | D:5      | Lost mutation: Your mind is acute. (Int +2) [potion of mutation]
  4570 | D:5      | Lost mutation: Potions are less effective at restoring your health. [potion of mutation]
  4570 | D:5      | Lost mutation: You have large cloven feet. [potion of mutation]
  4570 | D:5      | Gained mutation: You are occasionally teleported next to monsters. [potion of mutation]
  4570 | D:5      | Gained mutation: You are partially covered in thin metallic scales. (AC +2) [potion of mutation]
  4570 | D:5      | Gained mutation: You are partially covered in large bone plates. (SH +4) [potion of mutation]
  4607 | D:7      | Reached XP level 8. HP: 56/71 MP: 7/7
  4926 | D:6      | Noticed SacredBeard's ghost (novice DsBe)
  5006 | D:6      | Killed SacredBeard's ghost
  5006 | D:6      | Reached skill level 8 in Axes
  5163 | D:6      | Found a shadowy altar of Dithmenos.
  5514 | D:7      | Noticed Prince Ribbit
  5530 | D:7      | Killed Prince Ribbit
  5607 | D:7      | Noticed Joseph
  5607 | D:7      | Found a stormy altar of Qazlal.
  5607 | D:7      | Found an opulent altar of Gozag.
  5906 | D:7      | Reached XP level 9. HP: 78/79 MP: 8/8
  5912 | D:7      | Reached skill level 9 in Axes
  6285 | D:7      | Found Ludwixar's Armour Boutique.
  6386 | D:7      | Reached skill level 10 in Axes
  6920 | D:7      | Found an ancient bone altar of Kikubaaqudgha.
  6922 | D:7      | Found a sparkling altar of Nemelex Xobeh.
  6924 | D:7      | Found a faded altar of an unknown god.
  6975 | D:7      | Found a staircase to the Ecumenical Temple.
  6985 | Temple   | Entered the Ecumenical Temple
  7034 | Temple   | Became a worshipper of Trog the Wrathful
  7208 | D:8      | Noticed a death yak
  7209 | D:8      | Noticed a death yak
  7209 | D:8      | Noticed a death yak
  7264 | D:9      | Found a snail-covered altar of Cheibriados.
  7470 | D:9      | Found a basalt altar of Yredelemnul.
  7627 | D:9      | Found a deep blue altar of Sif Muna.
  7691 | D:9      | Reached * piety under Trog
  7754 | D:9      | Reached XP level 10. HP: 88/88 MP: 9/9
  7920 | D:9      | Killed a death yak
  7920 | D:9      | Reached skill level 11 in Axes
  7920 | D:9      | Reached skill level 10 in Shields
  8090 | D:8      | Noticed Psyche
  8098 | D:9      | Killed Psyche
  8664 | D:8      | Found Valewor's Distillery.
  8669 | D:8      | Bought a potion of heal wounds for 60 gold pieces
  8669 | D:8      | Bought a potion of mutation for 96 gold pieces
  8669 | D:8      | Bought 2 potions of curing for 72 gold pieces
  8669 | D:8      | Bought a potion of might for 48 gold pieces
  8732 | D:8      | Reached ** piety under Trog
  8753 | D:8      | Found a staircase to the Lair.
  8771 | D:7      | Killed a death yak
  8771 | D:7      | Reached skill level 12 in Axes
  8789 | D:7      | Killed a death yak
  8929 | D:8      | Found Gythusar's Weapon Shop.
  9012 | D:10     | Entered Level 10 of the Dungeon
  9244 | D:10     | Found a glowing silver altar of Zin.
  9462 | D:10     | Reached XP level 11. HP: 97/97 MP: 10/10
  9521 | D:10     | Got a pair of faintly glowing gloves
  9527 | D:10     | Identified the +1 pair of gloves "Elontief" {rC- rN+++} (You found it on level 10 of the Dungeon)
  9747 | D:11     | Found a portal to a secret trove of treasure.
  9756 | D:11     | Found a staircase to the Orcish Mines.
  9756 | D:11     | Noticed a cyan ugly thing
  9765 | D:11     | Killed a cyan ugly thing
  9927 | D:11     | Reached skill level 13 in Axes
  9969 | D:11     | Noticed a two-headed ogre
  9977 | D:11     | Killed a two-headed ogre
 10090 | D:11     | Noticed a two-headed ogre
 10096 | D:11     | Killed a two-headed ogre
 10313 | D:11     | Noticed a two-headed ogre
 10317 | D:11     | Killed a two-headed ogre
 10434 | D:11     | Reached *** piety under Trog
 10551 | D:11     | Noticed brittlin's ghost (journeyman HOFi)
 10940 | D:12     | Got a twisted scale mail
 11031 | D:12     | Noticed a skeletal warrior
 11032 | D:12     | Noticed a skeletal warrior
 11033 | D:12     | Noticed a skeletal warrior
 11034 | D:12     | Noticed a skeletal warrior
 11051 | D:12     | Killed a skeletal warrior
 11051 | D:12     | Reached skill level 14 in Axes
 11059 | D:12     | Killed a skeletal warrior
 11061 | D:12     | Noticed a skeletal warrior
 11066 | D:12     | Killed a skeletal warrior
 11072 | D:12     | Killed a skeletal warrior
 11088 | D:12     | Killed a skeletal warrior
 11088 | D:12     | Reached XP level 12. HP: 55/106 MP: 11/11
 11098 | D:12     | Reached skill level 10 in Fighting
 12089 | D:13     | Reached **** piety under Trog
 12405 | D:13     | Reached skill level 10 in Armour
 12645 | D:13     | Reached skill level 15 in Axes
 12816 | D:13     | Found a gate to the Vaults.
 12816 | D:13     | Noticed a vault guard
 12838 | D:13     | Killed a vault guard
 13060 | D:13     | Noticed Azrael
 13100 | D:13     | Killed Azrael
 13708 | D:14     | Noticed a tengu warrior
 14019 | D:12     | Noticed Frances
 14033 | D:12     | Killed Frances
 14033 | D:12     | Reached skill level 16 in Axes
 14033 | D:12     | Reached XP level 13. HP: 116/116 MP: 12/12
 14139 | Orc:1    | Entered Level 1 of the Orcish Mines
 14463 | Orc:1    | Noticed Nergalle
 14478 | Orc:1    | Killed Nergalle
 14478 | Orc:1    | Reached ***** piety under Trog
 14601 | Orc:2    | Entered Level 2 of the Orcish Mines
 14611 | Orc:2    | Noticed a stone giant
 14804 | Orc:2    | Reached skill level 1 in Stealth
 14866 | Orc:2    | Found a bloodstained altar of Trog.
 15118 | Orc:2    | Found a roughly hewn altar of Beogh.
 15194 | Orc:2    | Killed from afar by an orc priest

Skill      XL: |  1  2  3  4  5  6  7  8  9 10 11 12 13 |
---------------+----------------------------------------+-----
Armour         | 4 5 6 7 8 9 10 | 10.5
Fighting       | 4 5 6 7 8 9 11 | 11.5
Shields        | 4 5 6 8 9 11 12 14 | 14.4
Axes           | 3 4 5 7 8 10 12 14 16 | 16.4
Dodging        | 1 2 3 |  3.3
Stealth        | 1 |  1.0

Action                   |  1- 3 |  4- 6 |  7- 9 | 10-12 | 13-15 || total
-------------------------+-------+-------+-------+-------+-------++-------
Melee: War axe           |    93 |   107 |   328 |   587 |   128 ||  1243
       Headbutt          |     9 |    22 |    59 |   141 |    27 ||   258
       Hand axe          |       |       |    34 |       |       ||    34
Invok: Berserk           |       |       |       |     4 |     1 ||     5
       Burn Spellbooks   |       |       |       |     1 |       ||     1
       Brothers in Arms  |       |       |       |     1 |     2 ||     3
       Trog's Hand       |       |       |       |       |     1 ||     1
Evoke: Lightning rod     |       |       |       |     1 |       ||     1
  Use: Scroll            |       |       |    14 |     8 |       ||    22
       Potion            |       |       |     4 |     4 |       ||     8
  Eat: Chunk             |     2 |     2 |     9 |    14 |     4 ||    31
       Ration            |     1 |       |     2 |     3 |     1 ||     7
Armor: Scale mail        |    44 |     4 |       |       |       ||    48
       Chain mail        |       |    31 |    44 |       |       ||    75
       Plate armour      |       |       |    87 |   259 |       ||   346
       Ring mail         |       |       |       |    12 |     7 ||    19
Dodge: Dodged            |    23 |    20 |    58 |   100 |    25 ||   226
Block: Shield            |    50 |    45 |   267 |   415 |    82 ||   859
